Map: New Repugnancy LE

Players

DnS

  • Race: Protoss Protoss
  • Spawn Location: 1:00

Reynor - Winner!

  • Race: Zerg Zerg
  • League: Master
  • Spawn Location: 7:00

Event: 2019 WCS Winter Europe

VOD

Have the link to the VOD?

Description

Time

  • Played on: Feb. 8, 2019, 11:48 a.m.
  • Length: 9:26

All games in this series

Show
View Real Time Build Order
Export as new Build Order

DnS Protoss 

Build Orders: 1 Gate Expand, Oracle Opening, Phoenix Opening, Mass Adepts 

Get SALT Encoding   

  12  0:00  Probe  
  13  0:12  Probe  
  14  0:19  Pylon  
  14  0:25  Probe  
  15  0:33  Probe  
  15  0:39  Gateway  
  15  0:41  Probe  
  16  0:47  Assimilator  
  17  0:51  Probe  
  18  1:03  Probe  
  19  1:16  Probe  
  20  1:25  Nexus  
  20  1:34  Cybernetics Core  
  20  1:39  Probe  
  21  1:47  Assimilator  
  21  1:51  Probe  
  21  1:53  Pylon  
  22  2:01  Adept  
  22  2:04  Probe  
  25  2:16  Stargate, Probe  
  26  2:26  Warp Gate  
  26  2:27  Probe  
  27  2:31  Adept  
  27  2:33  Probe  
  27  2:35  Probe  
  28  2:41  Probe  
  28  2:43  Probe  
  32  2:51  Probe  
  32  2:54  Probe  
  32  2:55  Phoenix  
  34  3:03  Probe  
  37  3:06  Probe  
  38  3:13  Pylon  
  38  3:16  Probe  
  38  3:18  Probe, Gateway  
  40  3:21  Oracle  
  43  3:28  Probe  
  43  3:30  Probe  
  45  3:35  Gateway  
  45  3:38  Assimilator  
  45  3:40  Probe  
  46  3:43  Probe  
  46  3:48  Twilight Council  
  47  3:52  Gateway  
  47  3:54  Probe  
  48  3:57  Probe  
  48  4:01  Pylon  
  49  4:04  Resonating Glaives  
  49  4:13  Probe  
  49  4:14  Stalker  
  49  4:16  Adept  
  54  4:18  Pylon  
  54  4:19  Probe  
  55  4:25  Probe  
  56  4:32  Probe  
  56  4:37  Probe  
  58  4:38  Adept x3  
  58  4:45  Probe  
  62  4:47  Assimilator  
  62  4:48  Pylon  
  62  4:51  Adept  
  64  4:56  Robotics Facility  
  64  4:59  Adept x3  
  70  5:02  Pylon  
  70  5:19  Nexus  
  70  5:21  Pylon  
  70  5:33  Robotics Facility  
  70  5:35  Charge  
  70  5:36  Probe x2  
  70  5:40  Immortal  
  72  5:48  Sentry  
  72  5:49  Adept x2  
  80  5:51  Probe x2  
  75  5:59  Adept  
  75  6:03  Probe  
  78  6:08  Probe  
  75  6:12  Adept x2  
  75  6:16  Immortal, Probe  
  80  6:19  Sentry x2  
  80  6:20  Probe  
  87  6:28  Probe  
  88  6:33  Probe  
  88  6:34  Immortal, Probe  
  88  6:37  Sentry  
  96  6:40  Probe  
  97  6:49  Adept x2  
  101  6:54  Nexus  
  97  7:16  Nexus  
  97  7:26  Pylon  
  97  7:27  Pylon  
  97  7:28  Pylon  
  97  7:33  Forge  
  95  7:37  Immortal  
  95  7:38  Gateway x2  
  95  7:40  Gateway  
  95  7:44  Probe x2  
  97  7:48  Observer  
  102  7:56  Probe x2  
  104  8:01  Sentry x3  
  104  8:02  Sentry  
  104  8:05  Pylon  
  112  8:08  Probe x2  
  111  8:18  Warp Prism  
  107  8:20  Probe x2  
  107  8:26  Adept x2  
  113  8:27  Sentry  
  113  8:31  Probe  
  113  8:32  Probe x2  
  118  8:35  Immortal  
  118  8:43  Probe  
  118  8:44  Probe  
  118  8:45  Probe  
  125  8:51  Assimilator  
  125  8:52  Assimilator  
  125  8:55  Probe  
  104  9:14  Stalker x6  
Show
View Real Time Build Order
Export as new Build Order

Reynor Zerg - Winner!

Build Orders: Hatch First, Swarm Host 

Get SALT Encoding   

  12  0:00  Drone  
  13  0:12  Overlord  
  13  0:16  Drone  
  14  0:30  Drone x2  
  16  0:49  Hatchery  
  15  0:51  Drone  
  15  0:55  Drone  
  17  0:58  Drone  
  18  1:11  Extractor  
  18  1:14  Spawning Pool  
  16  1:19  Drone  
  16  1:21  Drone  
  18  1:28  Drone  
  19  1:41  Drone  
  20  1:51  Overlord  
  20  2:01  Queen x2  
  20  2:02  Zergling x4  
  26  2:11  Drone  
  26  2:12  Drone  
  28  2:15  Metabolic Boost  
  28  2:22  Drone  
  29  2:23  Drone  
  30  2:36  Hatchery  
  29  2:39  Drone  
  29  2:41  Drone  
  31  2:47  Queen  
  33  2:52  Overlord  
  33  2:55  Drone  
  34  2:59  Drone x2  
  36  3:06  Overlord  
  36  3:11  Drone x3  
  39  3:14  Drone  
  39  3:17  Drone  
  39  3:19  Drone  
  42  3:22  Queen  
  44  3:28  Overlord  
  44  3:29  Drone  
  45  3:38  Drone  
  45  3:40  Drone x3  
  49  3:48  Queen, Drone x2  
  49  3:51  Zergling x2  
  49  3:53  Spore Crawler  
  49  3:55  Spore Crawler  
  52  3:58  Queen  
  52  4:00  Drone x2  
  52  4:01  Drone  
  57  4:03  Drone  
  57  4:07  Overlord  
  58  4:17  Roach Warren  
  58  4:18  Lair, Drone  
  58  4:21  Extractor x2  
  58  4:22  Overlord  
  56  4:26  Zergling x6  
  56  4:27  Zergling x2  
  57  4:33  Drone  
  57  4:34  Drone  
  57  4:45  Drone x3  
  60  4:47  Drone x3  
  60  4:51  Drone x2  
  65  4:54  Overlord  
  65  4:55  Overlord  
  65  5:12  Overlord x2  
  65  5:13  Roach  
  65  5:14  Roach x6  
  79  5:17  Roach  
  79  5:20  Glial Reconstitution  
  81  5:27  Overlord  
  81  5:30  Drone x5  
  81  5:31  Drone x2  
  81  5:32  Drone  
  87  5:53  Zergling x16  
  87  5:56  Roach x2  
  96  5:59  Drone  
  96  6:03  Drone  
  98  6:08  Overlord  
  98  6:09  Roach x4  
  105  6:12  Overlord  
  105  6:15  Overlord  
  105  6:18  Drone  
  106  6:20  Overlord, Extractor  
  106  6:21  Drone  
  106  6:23  Evolution Chamber  
  106  6:24  Drone  
  106  6:26  Drone  
  106  6:27  Overlord  
  106  6:28  Drone x2  
  106  6:31  Extractor  
  108  6:33  Infestation Pit, Drone  
  108  6:39  Roach x4  
  116  6:41  Drone x2  
  118  6:48  Roach  
  118  6:50  Overlord  
  118  6:51  Drone x2  
  119  6:55  Overlord  
  119  6:56  Hatchery, Drone x3  
  119  7:00  Drone x2  
  115  7:09  Zerg Missile Weapons Level 1  
  115  7:13  Drone  
  116  7:16  Drone x6  
  116  7:18  Extractor  
  121  7:27  Roach x7  
  121  7:28  Ravager x3  
  137  7:34  Overlord  
  137  7:52  Swarm Host x8  
  137  7:53  Swarm Host  
  137  7:57  Roach x2  
  168  8:06  Roach  
  168  8:07  Overlord  
  168  8:11  Drone x2  
  168  8:12  Drone x2  
  171  8:14  Roach x2  
  171  8:16  Drone x2  
  171  8:17  Drone  
  174  8:26  Roach x5  
  183  8:29  Overlord  
  183  8:31  Ravager  
  184  8:49  Drone x4  
  184  8:50  Drone x3  
  184  8:51  Extractor  
  184  8:53  Ravager  
Tags
 
Add a new tag
Caveats
  • Supply blocks, unpowered buildings, or Contaminate may cause inaccurate times.
  • Supply counts are checked every 10 seconds.